 Dungeon Crawl Stone Soup version 0.31-a0-1589-g8f5e8aebd6 (webtiles) character file.

Game seed: 5651145955672999495

30 hatsuma the Grasshopper (level 3, 0/28 HPs)
             Began as a Barachi Warper on Jan 5, 2024.
             Succumbed to a goblin's poison
             ... on level 1 of the Dungeon.
             The game lasted 00:02:57 (867 turns).

hatsuma the Grasshopper (Barachi Warper)             Turns: 867, Time: 00:02:58

Health: 0/28       AC:  3    Str: 14    XL:     3   Next: 18%
Magic:  6/6        EV: 12    Int: 13    God:
Gold:   91         SH:  0    Dex: 11    Spells: 7/7 levels left

rFire   . . .        a - +0 falchion
rCold   . . .        (no shield)
rNeg    . . .        b - +0 leather armour
rPois   .            (no helmet)
rElec   .            (no cloak)
rCorr   .            (no gloves)
SInv    .            (no boots)
Will    .....        (no amulet)
Stlth   +            (no ring)
HPRegen 0.24/turn    (no ring)
MPRegen 0.10/turn

%: no passive effects
@: lethally poisoned (0 -> -4), slow
A: amphibious, slowness 1, strong legs 1, +LOS
a: Hop


You were on level 1 of the Dungeon.
You visited 1 branch of the dungeon, and saw 1 of its levels.

You collected 91 gold pieces.

Inventory:

Hand Weapons
 a - a +0 falchion (weapon)
Missiles
 d - 7 darts of dispersal (quivered)
 l - 2 curare-tipped darts
Armour
 b - a +0 leather armour (worn)
Scrolls
 c - a scroll of blinking
 f - a scroll of noise {unknown}
 h - a scroll of enchant armour {unknown}
 k - a scroll of vulnerability {unknown}
Potions
 e - a potion of enlightenment {unknown}
 g - 2 potions of mutation {unknown}
 i - a potion of ambrosia {unknown}
 j - a potion of curing {unknown}
 m - a potion of invisibility {unknown}


   Skills:
 + Level 2.8 Fighting
 + Level 2.8 Long Blades
 + Level 1.2 Throwing
 + Level 1.8 Armour
 + Level 2.4 Dodging
 + Level 2.5 Spellcasting
 + Level 3.4 Translocations


You had 7 spell levels left.
You didn't know any spells.
Your spell library contained the following spells:

 Spells                   Type           Power      Damage    Failure   Level
 Blink                    Tloc           20%        N/A       11%         2
 Lesser Beckoning         Tloc           20%        N/A       11%         2
 Gell's Gravitas          Tloc           10%        N/A       22%         3
 Teleport Other           Tloc           10%        N/A       22%         3
 Manifold Assault         Tloc           10%        N/A       56%         4
 Vhi's Electric Charge    Tloc/Air       12%        N/A       82%         4


Dungeon Overview and Level Annotations

Branches:
Dungeon (1/15)

Altars:


Innate Abilities, Weirdness & Mutations

You are amphibious.
You cover ground slowly.
You can hop short distances.
You have an extended range of vision and can be seen from far away.


Message History

The dart slug misses you.
You slash the dart slug!
You kill the dart slug!
You see here a dart slug corpse.
An endoplasm comes into view.
The endoplasm quivers.
You slash the endoplasm!
You kill the endoplasm!
A goblin comes into view. It is wielding a +1 dagger of venom.
The goblin shouts!
You hear a shout!
The goblin hits you with a +1 dagger of venom.
You are poisoned.
A hobgoblin comes into view.
You closely miss the goblin.
You feel very sick. The goblin barely misses you.
You hit the goblin.
The goblin is severely wounded.
You feel sick. The goblin hits you but does no damage.
You are more poisoned.
You hit the goblin.
You kill the goblin!
You feel very sick.
You closely miss the hobgoblin.
You feel very sick.
The hobgoblin hits you but does no damage.
You barely miss the hobgoblin.
You feel sick. The hobgoblin hits you.
You hit the hobgoblin.
The hobgoblin is heavily wounded.
You feel sick. The hobgoblin hits you.
* * * LOW HITPOINT WARNING * * *
You hit the hobgoblin but do no damage.
The hobgoblin is heavily wounded.
* * * LOW HITPOINT WARNING * * *
You feel sick. The hobgoblin hits you.
* * * LOW HITPOINT WARNING * * *
The hobgoblin closely misses you.
You closely miss the hobgoblin.
The hobgoblin is heavily wounded.
You die...

#######
###########......
####...........#####
#.g@................
#.##.########..#####
# #.# #..# # #.##
#..# # #..# #..# #
##.# #..# # #.# #..#
# #.# #..### #
#.###.#######....###


You could see a hobgoblin.

Vanquished Creatures
  A dart slug (D:1)
  3 ball pythons (D:1)
  2 endoplasms (D:1)
  2 giant cockroaches (D:1)
  4 goblins (D:1)
  6 jackals (D:1)
  A bat (D:1)
  2 frilled lizards (D:1)
  2 kobolds (D:1)
  2 rats (D:1)
25 creatures vanquished.

Notes
Turn   | Place    | Note
-------+----------+-------------------------------------------
     0 | D:1      | hatsuma the Barachi Warper began the quest for the Orb.
     0 | D:1      | Reached XP level 1. HP: 17/17 MP: 3/3
   325 | D:1      | Reached XP level 2. HP: 8/23 MP: 5/5
   634 | D:1      | Reached XP level 3. HP: 19/28 MP: 6/6
   866 | D:1      | HP: 1/28 [hobgoblin (2)]
   867 | D:1      | Succumbed to a goblin's poison

Illustrated notes

Levels and vault maps discovered:
D:1:      lightli_molten_gateway, layout_loops_ring

Action                     || total
---------------------------++-------
  Melee: Falchion          ||    84
         Punch             ||     2
 Armour: Leather armour    ||    53
  Dodge: Dodged            ||    46

Table legend: (Time is in decaauts)
 A = Elapsed time spent in this place.
 B = Non-inter-level travel time spent in this place.
 C = Inter-level travel time spent in this place.
 D = Time resting spent in this place.
 E = Time spent auto-exploring this place.
 F = Levels seen in this place.
 G = Mean time per level.
                   A        B        C        D        E       F      G
               +--------+--------+--------+--------+--------+-----+--------+
         Total |    997 |    997 |      0 |      0 |    746 |   1 |  997.0 |
       Dungeon |    997 |    997 |      0 |      0 |    746 |   1 |  997.0 |
               +--------+--------+--------+--------+--------+-----+--------+

Top non-repeatable levels by time:
     D:1: 997 daAuts
